 Dungeon Crawl Stone Soup version 0.30-a0-571-gdf30a72648 (webtiles) character file.

Game seed: 17928439445441686129

2474 Newt the Ducker (level 9, -8/58 HPs)
             Began as an Octopode Transmuter on Dec 29, 2022.
             Was an Initiate of Gozag.
             Shot with an arrow by a centaur (16 damage)
             ... on level 7 of the Dungeon.
             The game lasted 00:14:30 (9399 turns).

Newt the Ducker (Octopode Transmuter)               Turns: 9399, Time: 00:14:31

Health: -8/58      AC:  1    Str:  9    XL:     9   Next: 51%
Magic:  23/24      EV: 16    Int: 26    God:    Gozag
Gold:   472        SH:  0    Dex: 17    Spells: 12/16 levels left

rFire   x . .      SeeInvis .    s - +3 great sword of Symmetry {elec, Int+5}
rCold   + + .      Faith    .    (shield currently unavailable)
rNeg    + + .      Spirit   .    (helmet currently unavailable)
rPois   .          Reflect  .    (no amulet)
rElec   .          Harm     .    d - ring of protection from cold
rCorr   .          Rampage  .    k - ring of magical power
Will    .....                    c - ring "Ingeen" {Ice rN++ Int+6}
Stlth   +++                      i - ring of wizardry
HPRegen 0.29/turn                B - ring of wizardry
MPRegen 0.19/turn                (no ring)
                                 (no ring)
                                 (no ring)

@: appendages
A: tentacle spike 3, almost no armour, amphibious, 8 rings, camouflage 1,
gelatinous body 1, (nimble swimmer 1), tentacles
a: End Transformation, Renounce Religion, Potion Petition, Call Merchant, Bribe
Branch


You were on level 7 of the Dungeon.
You worshipped Gozag.
Gozag was aware of your devotion.
One of your tentacles had grown a beastly spike.
You visited 2 branches of the dungeon, and saw 8 of its levels.
You also visited: Sewer.

You collected 525 gold pieces.
You paid 53 gold pieces to Gozag.

Inventory:

Hand Weapons
 e - a +3 dagger of speed
 r - a +0 shortbow
 s - the +3 great sword of Symmetry (weapon) {elec, Int+5}
   (You took it off a gnoll bouda on level 4 of the Dungeon)

   It occasionally discharges a powerful burst of electricity upon striking a
   foe.
   Int:       It affects your intelligence (+5).
Missiles
 t - a throwing net
Jewellery
 c - the ring "Ingeen" (on tentacle) {Ice rN++ Int+6}
   (You found it on level 4 of the Dungeon)

   [ring of ice]

   It enhances your ice magic.
   Int:       It affects your intelligence (+6).
   rF:        It makes you vulnerable to fire.
   rC:        It protects you from cold.
   rN:        It greatly protects you from negative energy.
 d - a ring of protection from cold (left tentacle)
 i - a ring of wizardry (on tentacle)
 k - a ring of magical power (right tentacle)
 B - a ring of wizardry (on tentacle)
Wands
 j - a wand of roots (5)
 o - a wand of flame (36)
Scrolls
 b - a scroll of blinking
 h - a scroll of vulnerability
 m - 2 scrolls of fear
 n - 2 scrolls of poison
 v - 2 scrolls of teleportation
 x - a scroll of torment
 y - a scroll of fog
 C - a scroll of immolation
Potions
 a - 5 potions of invisibility
 f - 4 potions of cancellation
 g - 3 potions of brilliance
 l - 2 potions of magic
 p - 2 potions of berserk rage {unknown}
 q - a potion of ambrosia
 u - a potion of mutation
 w - 2 potions of might {unknown}
 z - a potion of haste {unknown}


   Skills:
 - Level 4.0 Fighting
 - Level 4.0(4.7) Short Blades
 + Level 3.9(4.7) Long Blades
 - Level 6.0 Dodging
 - Level 3.0 Stealth
 - Level 3.0 Unarmed Combat
 - Level 4.0 Spellcasting
 - Level 4.0 Hexes
 - Level 4.0 Transmutations
 - Level 5.0 Evocations


You had 12 spell levels left.
You knew the following spells:

 Your Spells              Type           Power      Damage    Failure   Level
a - Beastly Appendage     Tmut           52%        N/A       1%          1
b - Dazzling Flash        Conj/Hex       30%        N/A       3%          3

Your spell library contained the following spells:

 Spells                   Type           Power      Damage    Failure   Level
 Slow                     Hex            100%       N/A       1%          1
 Passwall                 Tmut/Erth      12%        N/A       1%          2
 Wereblood                Tmut           26%        N/A       1%          2
 Confusing Touch          Hex            26%        N/A       1%          3
 Foxfire                  Conj/Fire      20%        2x1d5     2%          1
 Sandblast                Erth           10%        2d5       2%          1
 Spider Form              Tmut/Pois      15%        N/A       3%          3
 Ignite Poison            Fire/Tmut/Pois 12%        N/A       4%          3
 Kindle Blastsparks       Fire/Tloc/Air  10%        2d10      7%          3
 Stone Arrow              Conj/Erth      10%        3d7       7%          3
 Vampiric Draining        Necr           5%         2d6       7%          3
 Ice Form                 Ice/Tmut       23%        N/A       11%         4
 Silence                  Hex/Air        7%         N/A       26%         5
 Agony                    Necr           5%         N/A       50%         5
 Fireball                 Conj/Fire      2%         3d4       50%         5
 Freezing Cloud           Conj/Ice/Air   3%         6-21      50%         5
 Starburst                Conj/Fire      2%         6d3       95%         6
 Borgnjor's Revivificati  Necr           2%         N/A       100%        8
 Necromutation            Tmut/Necr      7%         N/A       100%        8
 Death's Door             Necr           2%         N/A       100%        9


Dungeon Overview and Level Annotations

Branches:
Dungeon (7/15)             Temple (1/1) D:5           Sewer (visited)

Altars:
Ashenzari
Cheibriados
Elyvilon
Fedhas
Gozag
Makhleb
Nemelex Xobeh
Okawaru
Qazlal
Ru
Sif Muna
Trog
Uskayaw
Wu Jian
Xom
Yredelemnul
Zin
The Shining One

Annotations:
D:4 Menkaure


Innate Abilities, Weirdness & Mutations

One of your tentacles has grown a beastly spike.
You cannot wear most types of armour.
You are amphibious.
You can wear up to eight rings at the same time.
Your skin changes colour to match your surroundings (Stealth+).
Your rubbery body absorbs attacks. (AC +1, EV +1)
((You are camouflaged when in or above water. (Stealth+)))
You have tentacles for arms and can constrict up to eight enemies at once.


Message History

You swap places.
You swap places.
There is a stone staircase leading up here.
There is a stormy altar of Qazlal here.
There is a stone staircase leading down here.
You climb downwards.
There is a stone staircase leading up here.
Okay, then.
A green ugly thing comes into view.
Found a runed glaive.
A green ugly thing is nearby!
A green ugly thing is nearby!
A howler monkey and a yak come into view.
Found a scroll of vulnerability, a scroll of amnesia and a smoking brass ring.
A cyclops and a phantom come into view.
Found 14 gold pieces.
The yak bellows!
You hear a shout! x5
A centaur comes into view.
You hear a shout! x2
The yak gores you!
Casting: Dazzling Flash (dangerous; 3% risk of failure)
Confirm with . or Enter, or press ? or * to list all spells.
One of your tentacles grows a vicious spike.
The centaur wields a +0 shortbow.
The centaur shoots an arrow.
The arrow barely misses you. The yak gores you!
You hear a howl!
You slash the yak!
You pierce the yak.
You squeeze the yak, but do no damage.
The yak is heavily wounded.
The centaur shoots an arrow.
The arrow hits you! The yak closely misses you.
The centaur shoots an arrow.
The arrow completely misses you.
You barely miss the yak.
You pierce the yak, but do no damage.
You squeeze the yak.
The yak is heavily wounded.
The centaur shoots an arrow.
The arrow hits you!
* * * LOW HITPOINT WARNING * * *
The yak gores you.
* * * LOW HITPOINT WARNING * * *
The centaur shoots an arrow.
The arrow hits you!
You die...
Your body crumbles into a pile of gold.

C. h=# .W#
#.####.### ### #.#
#......#.? ..##u.$
#......#$Y##.#c#
#.......##@#..#
#.....#.##.c#
#.....#.....#
#.....###.#####.#
#................
##......#######...
#.....<##
####.....+
........#


You could see a yak and a centaur.

Vanquished Creatures
  Grinder (D:3)
  A yak (D:6)
  A wyvern (D:5)
  A black bear (D:6)
  A sky beast (D:6)
  3 ogres
  3 centaurs
  2 phantoms (D:4)
  A kobold brigand (Sewer)
  5 scorpions
  A necrophage (D:4)
  A howler monkey (D:6)
  An electric eel (D:6)
  3 hounds (D:6)
  A jelly (D:6)
  A gnoll bouda (D:4)
  An orc priest (D:5)
  2 iguanas
  An orc wizard (D:5)
  Robin (D:3)
  9 gnolls
  16 adders
  A river rat (Sewer)
  A shadow imp (D:6)
  An ufetubus (D:6)
  2 worms
  3 dart slugs
  27 orcs
  17 ball pythons
  10 endoplasms
  4 giant cockroaches
  11 goblins
  8 hobgoblins
  6 jackals
  3 quokkas
  2 bats (D:1)
  5 frilled lizards
  13 kobolds
  12 rats
183 creatures vanquished.

Vanquished Creatures (others)
  An angel (D:3)
  23 plants (Sewer)
24 creatures vanquished.

Grand Total: 207 creatures vanquished

Notes
Turn   | Place    | Note
-------+----------+-------------------------------------------
     0 | D:1      | Newt the Octopode Transmuter began the quest for the Orb.
     0 | D:1      | Reached XP level 1. HP: 13/13 MP: 3/3
    21 | D:1      | Reached skill level 1 in Stealth
    54 | D:1      | Reached XP level 2. HP: 4/18 MP: 3/5
   441 | D:1      | Reached XP level 3. HP: 5/23 MP: 6/6
   995 | D:1      | Reached skill level 3 in Dodging
  1528 | D:2      | Reached XP level 4. HP: 24/28 MP: 5/7
  2114 | D:3      | Noticed Grinder
  2127 | D:3      | Killed Grinder
  2128 | D:3      | Reached skill level 4 in Dodging
  2128 | D:3      | Reached XP level 5. HP: 13/36 MP: 8/8
  2128 | D:3      | Reached XP level 6. HP: 16/42 MP: 9/9
  2250 | D:3      | Found a shimmering altar of Xom.
  2256 | D:3      | Noticed an angel
  2302 | D:3      | Found a hide-covered altar of Uskayaw.
  2404 | D:3      | Found a glowing silver altar of Zin.
  2415 | D:3      | Noticed Robin
  2442 | D:3      | Killed Robin
  3300 | D:3      | Killed an angel
  3545 | D:4      | Identified the ring "Ingeen" {Ice rN++ Int+6}
  3805 | D:4      | Reached XP level 7. HP: 34/46 MP: 11/11
  3956 | D:4      | Identified the +3 great sword of Symmetry {elec, Int+5}
  3961 | D:4      | Noticed Menkaure
  5047 | D:5      | Entered Level 5 of the Dungeon
  5059 | D:5      | Found a staircase to the Ecumenical Temple.
  5316 | D:5      | Reached XP level 8. HP: 35/52 MP: 14/14
  5391 | D:5      | Found a glowing golden altar of the Shining One.
  5493 | D:5      | Noticed a wyvern
  5496 | D:5      | Reached skill level 1 in Long Blades
  5502 | D:5      | Killed a wyvern
  5596 | D:5      | Found a glowing drain.
  5607 | Sewer    | Entered a sewer
  5850 | Sewer    | Reached skill level 1 in Evocations
  6410 | D:5      | Found a burning altar of Makhleb.
  6779 | Temple   | Entered the Ecumenical Temple
  6879 | Temple   | Became a worshipper of Gozag Ym Sagoz the Greedy
  7178 | D:6      | Reached skill level 5 in Evocations
  7331 | D:6      | Found a stormy altar of Qazlal.
  7490 | D:6      | Reached skill level 5 in Dodging
  7490 | D:6      | Reached XP level 9. HP: 10/58 MP: 15/15
  7906 | D:6      | Learned a level 3 spell: Dazzling Flash
  8040 | D:6      | Reached skill level 6 in Dodging
  8091 | D:6      | Reached skill level 1 in Hexes
  8457 | D:6      | Found an iron altar of Okawaru.
  9392 | D:7      | Noticed a green ugly thing
  9394 | D:7      | Noticed a cyclops
  9399 | D:7      | Shot with an arrow by a centaur

Illustrated notes

Levels and vault maps discovered:
D:1:      minmay_arrival_shattered_statue, layout_loops_cross, fountainhead,
          minmay_split_cup_small
D:2:      layout_basic, minmay_crystal_room, minmay_tree_intersection
D:3:      layout_basic, nicolae_uskayaw_dance_hall,
          grunt_temple_overflow_order_and_chaos_1, minivault_27,
          kennysheep_generic_room_15, uniq_grinder, uniq_robin
D:4:      layout_loops_corners, chequers_mini_garden, minmay_circle_x,
          uniq_menkaure
D:5:      layout_rooms, nicolae_tso_swordbearing_angel,
          mainiacjoe_overflow_six_doors_small, minmay_temple_entry_large_hall,
          portal_sewer_entry_b, minmay_misc_feat_ornament, fountainhead,
          grunt_decor_resistance
D:6:      minmay_razor_zed, layout_basic, mainiacjoe_overflow_chevrons,
          okawaru_gym_becter, grunt_decor_junction, amcnicky_mini_pool_medium
D:7:      minmay_the_grid_square_5x5_3x3 [minmay_the_grid_square_5x5_minivault,
          minmay_the_grid_square_5x5_two_walls_b,
          minmay_the_grid_square_5x5_six_small,
          minmay_the_grid_square_5x5_two_small,
          minmay_the_grid_square_5x5_megaprize_diamond,
          minmay_the_grid_square_5x5_one_wall, minmay_the_grid_square_5x5_lines,
          minmay_the_grid_square_5x5_comb, minmay_the_grid_square_5x5_three],
          layout_basic, nicolae_overflow_hidden_temple, grunt_ministairs_4
Temple:   minmay_freezing_vapour_temple

Skill      XL: |  1  2  3  4  5  6  7  8  9 |
---------------+----------------------------+-----
Stealth        | 2 3 |  3.0
Dodging        | 3 4 5 6 |  6.0
Fighting       | 3 4 |  4.0
Short Blades   | 2 4 |  4.0
Spellcasting   | 3 4 |  4.0
Transmutations | 4 |  4.0
Long Blades    | 3 |  3.9
Evocations     | 5 |  5.0
Hexes          | 4 |  4.0
Unarmed Combat | |  3.0

Action                   |  1- 3 |  4- 6 |  7- 9 || total
-------------------------+-------+-------+-------++-------
Melee: Unarmed           |    30 |       |       ||    30
       Constrict         |    23 |    25 |    36 ||    84
       Kick              |     8 |    32 |    38 ||    78
       Tentacles         |     8 |    27 |    47 ||    82
       Dagger            |    61 |   108 |    22 ||   191
       Punch             |     2 |     5 |     4 ||    11
       Great sword       |       |       |   212 ||   212
 Cast: Beastly Appendage |    10 |    15 |    22 ||    47
       Dazzling Flash    |       |       |     5 ||     5
Evoke: Wand              |       |     2 |       ||     2
  Use: Potion            |     1 |     1 |     3 ||     5
       Scroll            |     4 |     5 |    11 ||    20
 Stab: Sleeping          |     6 |     7 |    20 ||    33
       Invisible         |       |     1 |     3 ||     4
       Distracted        |       |       |     1 ||     1
Armor: Skin              |    27 |     3 |    16 ||    46
Dodge: Dodged            |    48 |    44 |   236 ||   328

Table legend: (Time is in decaauts)
 A = Elapsed time spent in this place.
 B = Non-inter-level travel time spent in this place.
 C = Inter-level travel time spent in this place.
 D = Time resting spent in this place.
 E = Time spent auto-exploring this place.
 F = Levels seen in this place.
 G = Mean time per level.
                   A        B        C        D        E       F      G
               +--------+--------+--------+--------+--------+-----+--------+
         Total |   9420 |   9305 |    115 |   2983 |   4779 |   9 | 1046.7 |
       Dungeon |   8502 |   8387 |    115 |   2824 |   4292 |   7 | 1214.6 |
        Temple |    105 |    105 |      0 |      0 |     93 |   1 |  105.0 |
         Sewer |    812 |    812 |      0 |    159 |    394 |   1 |  812.0 |
               +--------+--------+--------+--------+--------+-----+--------+

Top non-repeatable levels by time:
     D:6: 2255 daAuts
     D:4: 1806 daAuts
     D:3: 1466 daAuts
     D:1: 1318 daAuts
     D:5: 1017 daAuts
   Sewer: 812 daAuts
     D:2: 624 daAuts
  Temple: 105 daAuts
     D:7: 14 daAuts
